Sharks vs Canadiens
(R1)
Created - October 21, 2023 at 22:49
Goals
|
| Sharks |
1 |
0 |
1 |
0 |
2 |
| Canadiens |
2 |
0 |
0 |
1 |
3 |
|
Shots
|
| Sharks |
7 |
9 |
9 |
0 |
25 |
| Canadiens |
17 |
8 |
5 |
1 |
31 |
|
1st period
1. Sharks , Drew Doughty 1 (Ronalds Kenins 4, Boone Jenner 2) at 12:40 (PP)
2. Canadiens , David Pastrnak 2 (Sean Zimmerman 2) at 14:15
3. Canadiens , Jordan Szwarz 2 (Greg Stewart 2, Kevin Shattenkirk 2) at 15:13 (PP)
Penalties :
Brent Burns (Mon) for Hooking (Minor) at 11:26, Mike Lundin (S.J) for Interference (Minor) at 14:32, Justin Schultz (Mon) for Holding (Minor) at 16:07
2nd period
No Goal
Penalties :
David Pastrnak (Mon) for Cross-checking (Minor) at 0:24, Ronalds Kenins (S.J) for Boarding (Major) at 12:13
3rd period
4. Sharks , Brendan Gaunce 2 (Dion Phaneuf 2) at 15:18
Penalties :
Jean-Gabriel Pageau (Mon) for Hooking (Minor) at 3:02, Wayne Simmonds (S.J) for Holding (Minor) at 3:21, Kevin Shattenkirk (Mon) for Hooking (Minor) at 11:53, Rickard Rakell (Mon) for Diving (Minor) at 17:50
Overtime #1
5. Canadiens , David Pastrnak 3 (Rasmus Ristolainen 1, Mika Zibanejad 4) at 0:14
Penalties :
No Penalty
Goalie Stats
Philipp Grubauer (S.J), 28 saves from 31 shots - (0.903), OTL, 2-1-1, 60:14 minutes
Robin Lehner (Mon), 23 saves from 25 shots - (0.920), W, 4-0-0, 60:14 minutes
Players Stats for Sharks
Player Name G A P +/- PIM S H SB GA TA FO MP PP MP PK MP
------------------------------------------------------------------------------------
Andreas Martinsen 0 0 0 1 0 1 0 0 0 0 0/0 13:56 0:02 2:14
Beau Bennett 0 0 0 1 0 0 1 0 0 0 0/1 12:37 0:12 0:00
Boone Jenner 0 1 1 0 0 3 1 1 0 2 18/35 22:26 5:09 2:44
Brendan Gaunce 1 0 1 1 0 2 2 0 1 0 1/4 13:49 0:12 2:01
Connor Murphy 0 0 0 0 0 0 0 1 0 0 0/0 10:37 0:00 0:39
Conor Sheary 0 0 0 -1 0 1 0 0 0 0 0/1 15:20 4:08 0:00
Daniel Carcillo 0 0 0 -1 0 1 0 1 1 0 1/1 8:22 0:00 1:40
Dion Phaneuf 0 1 1 0 0 1 1 0 0 0 0/0 21:31 3:59 1:57
Drew Doughty 1 0 1 -1 0 2 2 2 0 0 0/0 28:06 5:30 3:23
Gustav Nyquist 0 0 0 -1 0 1 1 0 0 0 3/4 7:41 0:00 0:59
Markus Nutivaara 0 0 0 0 0 1 1 0 0 0 0/0 10:46 0:00 0:48
Mike Lundin 0 0 0 0 2 1 1 0 1 1 0/0 27:10 5:30 2:42
Oscar Sundqvist 0 0 0 0 0 0 3 0 0 0 3/7 15:51 4:08 0:15
Ronalds Kenins 0 1 1 -1 5 6 2 1 0 0 0/0 20:53 5:19 0:37
Tyler Cuma 0 0 0 0 0 1 1 1 0 0 0/0 22:03 3:59 2:29
Vince Hinostroza 0 0 0 -1 0 0 1 0 0 0 0/0 6:42 0:00 0:00
Wayne Simmonds 0 0 0 0 2 3 1 0 1 0 2/4 18:46 5:08 0:00
Zach Parise 0 0 0 0 0 1 0 1 0 0 1/1 16:24 4:08 1:28
Players Stats for Canadiens
Player Name G A P +/- PIM S H SB GA TA FO MP PP MP PK MP
------------------------------------------------------------------------------------
Brandon Bollig 0 0 0 0 0 3 0 0 0 0 1/1 13:30 0:59 5:16
Brent Burns 0 0 0 -1 2 1 1 0 0 1 0/0 20:57 0:54 3:14
Brian Dumoulin 0 0 0 1 0 0 0 0 0 0 0/0 10:59 1:41 0:00
Corban Knight 0 0 0 0 0 0 0 0 0 0 3/6 14:43 1:00 2:58
David Pastrnak 2 0 2 2 2 6 2 1 0 1 1/2 17:22 2:37 0:00
Greg Stewart 0 1 1 -1 0 5 0 0 0 0 0/1 16:26 2:26 1:38
Jean-Gabriel Pageau 0 0 0 -1 2 1 0 0 0 0 6/11 14:52 2:27 0:15
Jiri Sekac 0 0 0 0 0 0 1 0 0 0 0/0 12:51 0:01 2:31
Jordan Szwarz 1 0 1 -1 0 1 4 0 1 0 0/0 14:37 2:26 0:00
Justin Schultz 0 0 0 -1 2 0 0 2 0 0 0/0 21:17 1:41 2:41
Kevin Shattenkirk 0 1 1 0 2 3 2 2 1 0 0/0 22:21 3:24 1:13
Kyle Clifford 0 0 0 1 0 2 0 0 0 0 0/0 16:18 2:32 0:00
Mika Zibanejad 0 1 1 2 0 2 3 0 0 0 14/25 16:44 2:32 0:00
Mike Richards 0 0 0 0 0 1 1 1 0 1 4/11 12:17 0:00 5:19
Rasmus Ristolainen 0 1 1 1 0 3 1 2 1 1 0/0 27:57 3:24 5:55
Rickard Rakell 0 0 0 0 2 2 2 1 0 0 0/1 13:13 0:57 1:01
Sean Zimmerman 0 1 1 1 0 0 1 3 0 0 0/0 16:44 0:54 5:55
Ty Rattie 0 0 0 0 0 1 0 0 0 0 0/0 6:19 0:00 0:00
3 Stars
1 - David Pastrnak (Mon)
2 - Mika Zibanejad (Mon)
3 - Brendan Gaunce (S.J)
Power Play
Sharks - 1 on 6 Attempt(s) - 16.67%
Canadiens - 1 on 3 Attempt(s) - 33.33%
Penalty Kill
Sharks - 2 on 3 Attempt(s) - 66.67%
- Score 0 goal in Penalty Kill
Canadiens - 5 on 6 Attempt(s) - 83.33%
- Score 0 goal in Penalty Kill
Team Stat
Sharks - Hits : 18 - Faceoff Wins : 29 - Blocked Shots : 8 - Penalty Minutes : 9
Canadiens - Hits : 18 - Faceoff Wins : 29 - Blocked Shots : 12 - Penalty Minutes : 12
Official
Referees : Kyle Rehman and Jean Hebert
Linesman : Tony Sericolo and Brandon Gawryletz
Game Notes
14:15 of 1st period - Canadiens goal is going for a video replay. After video review, Goal.
Finance
Level 1 -- Attendance: 5349 (89.15%) -- Ticket Income $534,900
Level 2 -- Attendance: 4765 (95.30%) -- Ticket Income $285,900
Level 3 -- Attendance: 2000 (100.00%) -- Ticket Income $70,000
Level 4 -- Attendance: 4000 (100.00%) -- Ticket Income $100,000
Luxury Box -- Attendance: 1000 (100.00%) -- Ticket Income $200,000
Game was played at the Centre Bell.
Total Attendance: 17114 (95.08%)
Total Ticket Income: $1,190,800
Other Income: $178,620
Total Income: $1,369,420
Sharks
5 vs 5 Forward
Center Left Wing Right Wing Time % Phy DF OF
1 Boone Jenner Ronalds Kenins Wayne Simmonds 40 0 2 3
2 Oscar Sundqvist Zach Parise Conor Sheary 30 0 2 3
3 Brendan Gaunce Andreas Martinsen Beau Bennett 20 0 2 3
4 Gustav Nyquist Daniel Carcillo Vince Hinostroza 10 0 3 2
5 vs 5 Defense
Defense Defense Time % Phy DF OF
1 Drew Doughty Mike Lundin 40 0 2 3
2 Dion Phaneuf Tyler Cuma 30 0 2 3
3 Markus Nutivaara Connor Murphy 20 0 3 2
4 Drew Doughty Mike Lundin 10 0 3 2
PowerPlay Forward
Center Left Wing Right Wing Time % Phy DF OF
1 Boone Jenner Ronalds Kenins Wayne Simmonds 60 0 2 3
2 Oscar Sundqvist Zach Parise Conor Sheary 40 0 2 3
PowerPlay Defense
Defense Defense Time % Phy DF OF
1 Drew Doughty Mike Lundin 60 0 2 3
2 Dion Phaneuf Tyler Cuma 40 0 2 3
Penalty Kill 4 Players Forward
Center Wing Time % Phy DF OF
1 Boone Jenner Ronalds Kenins 60 1 4 0
2 Oscar Sundqvist Zach Parise 40 1 4 0
Penalty Kill 4 Players Defense
Defense Defense Time % Phy DF OF
1 Drew Doughty Mike Lundin 60 1 4 0
2 Dion Phaneuf Tyler Cuma 40 1 4 0
Penalty Kill - 3 Players Forward
Forward Time % Phy DF OF
1 Boone Jenner 60 1 4 0
2 Oscar Sundqvist 40 1 4 0
Penalty Kill - 3 Players Defense
Defense Defense Time % Phy DF OF
1 Drew Doughty Mike Lundin 60 1 4 0
2 Dion Phaneuf Tyler Cuma 40 1 4 0
4 vs 4 Forward
Center Wing Time % Phy DF OF
1 Boone Jenner Ronalds Kenins 60 0 2 3
2 Oscar Sundqvist Zach Parise 40 0 2 3
4 vs 4 Defense
Defense Defense Time % Phy DF OF
1 Drew Doughty Mike Lundin 60 0 3 2
2 Dion Phaneuf Tyler Cuma 40 0 3 2
Last Minutes Offensive
Center Left Wing Right Wing Defense Defense
Boone Jenner Ronalds Kenins Wayne Simmonds Drew Doughty Mike Lundin
Last Minutes Defensive
Center Left Wing Right Wing Defense Defense
Boone Jenner Ronalds Kenins Wayne Simmonds Drew Doughty Mike Lundin
Goaltenders
Starting : Philipp Grubauer
Backup : Malcolm Subban
Extra Forwards
Normal : Boone Jenner, Oscar Sundqvist, Beau Bennett - PP : Boone Jenner, Oscar Sundqvist - PK : Boone Jenner
Extra Defensemen
Normal : Tyler Cuma, Markus Nutivaara, Connor Murphy - PP : Tyler Cuma - PK : Tyler Cuma, Markus Nutivaara
Penalty Shots
Ronalds Kenins, Wayne Simmonds, Conor Sheary, Zach Parise, Boone Jenner
Custom OT Lines Forwards
Ronalds Kenins, Wayne Simmonds, Conor Sheary, Zach Parise, Boone Jenner, Oscar Sundqvist, Beau Bennett, Andreas Martinsen, Daniel Carcillo, Brendan Gaunce
Custom OT Lines Defensemen
Drew Doughty, Mike Lundin, Dion Phaneuf, Tyler Cuma, Markus Nutivaara
Scratches
Arturs Kulda (Healthy), Brandon Kozun (Healthy), MacKenzie Weegar (Healthy)
Canadiens
5 vs 5 Forward
Center Left Wing Right Wing Time % Phy DF OF
1 Mika Zibanejad Kyle Clifford David Pastrnak 40 0 1 4
2 Jean-Gabriel Pageau Greg Stewart Jordan Szwarz 35 0 2 3
3 Corban Knight Jiri Sekac Rickard Rakell 20 0 2 3
4 Mike Richards Brandon Bollig Ty Rattie 5 0 2 3
5 vs 5 Defense
Defense Defense Time % Phy DF OF
1 Kevin Shattenkirk Rasmus Ristolainen 40 0 3 2
2 Brent Burns Justin Schultz 35 0 3 2
3 Sean Zimmerman Brian Dumoulin 15 0 3 2
4 Kevin Shattenkirk Rasmus Ristolainen 10 0 3 2
PowerPlay Forward
Center Left Wing Right Wing Time % Phy DF OF
1 Mika Zibanejad Kyle Clifford David Pastrnak 60 0 0 5
2 Jean-Gabriel Pageau Greg Stewart Jordan Szwarz 40 0 0 5
PowerPlay Defense
Defense Defense Time % Phy DF OF
1 Rasmus Ristolainen Kevin Shattenkirk 60 0 0 5
2 Justin Schultz Brian Dumoulin 40 0 0 5
Penalty Kill 4 Players Forward
Center Wing Time % Phy DF OF
1 Mike Richards Brandon Bollig 60 0 4 1
2 Corban Knight Jiri Sekac 40 0 4 1
Penalty Kill 4 Players Defense
Defense Defense Time % Phy DF OF
1 Sean Zimmerman Rasmus Ristolainen 60 0 5 0
2 Brent Burns Justin Schultz 40 0 5 0
Penalty Kill - 3 Players Forward
Forward Time % Phy DF OF
1 Jean-Gabriel Pageau 60 0 5 0
2 Mika Zibanejad 40 0 5 0
Penalty Kill - 3 Players Defense
Defense Defense Time % Phy DF OF
1 Kevin Shattenkirk Brent Burns 60 0 5 0
2 Rasmus Ristolainen Brian Dumoulin 40 0 5 0
4 vs 4 Forward
Center Wing Time % Phy DF OF
1 Jean-Gabriel Pageau Rickard Rakell 60 0 2 3
2 Mika Zibanejad David Pastrnak 40 0 2 3
4 vs 4 Defense
Defense Defense Time % Phy DF OF
1 Brent Burns Sean Zimmerman 60 0 2 3
2 Justin Schultz Brian Dumoulin 40 0 2 3
Last Minutes Offensive
Center Left Wing Right Wing Defense Defense
Mika Zibanejad Kyle Clifford David Pastrnak Rasmus Ristolainen Kevin Shattenkirk
Last Minutes Defensive
Center Left Wing Right Wing Defense Defense
Jean-Gabriel Pageau Jiri Sekac Jordan Szwarz Brent Burns Sean Zimmerman
Goaltenders
Starting : Robin Lehner
Backup : Igor Shesterkin
Extra Forwards
Normal : David Pastrnak, Mika Zibanejad, Kyle Clifford - PP : David Pastrnak, Mika Zibanejad - PK : Rickard Rakell
Extra Defensemen
Normal : Rasmus Ristolainen, Kevin Shattenkirk, Brian Dumoulin - PP : Rasmus Ristolainen - PK : Kevin Shattenkirk, Sean Zimmerman
Penalty Shots
David Pastrnak, Jean-Gabriel Pageau, Mika Zibanejad, Kyle Clifford, Rickard Rakell
Custom OT Lines Forwards
Mika Zibanejad, David Pastrnak, Kyle Clifford, Jean-Gabriel Pageau, Greg Stewart, Jordan Szwarz, Rickard Rakell, Jiri Sekac, Corban Knight, Mike Richards
Custom OT Lines Defensemen
Rasmus Ristolainen, Kevin Shattenkirk, Brent Burns, Justin Schultz, Brian Dumoulin
Scratches
None
% Time on Ice - Sharks
Lines # - Real PCT - Wanted PCT - Time Play
Normal Forward
1 - 33% - 40% - 14:13
2 - 26% - 30% - 10:58
3 - 26% - 20% - 10:59
4 - 16% - 10% - 6:42
Normal Defense
1 - 40% - 40% - 17:21
2 - 35% - 30% - 14:51
3 - 23% - 20% - 9:58
4 - 2% - 10% - 0:42
PP Forward
1 - 56% - 60% - 5:21
2 - 44% - 40% - 4:08
PP Defense
1 - 58% - 60% - 5:30
2 - 42% - 40% - 3:59
PK Forward
1 - 96% - 60% - 5:44
2 - 4% - 40% - 0:15
PK Defense
1 - 57% - 60% - 3:23
2 - 43% - 40% - 2:36
PK3 Forward
1 - 0% - 60%
2 - 0% - 40%
PK3 Defense
1 - 0% - 60%
2 - 0% - 40%
44 Forward
1 - 97% - 60% - 1:37
2 - 3% - 40% - 0:03
44 Defense
1 - 56% - 60% - 0:56
2 - 44% - 40% - 0:44
Last Minute Offensive - 0:00
Last Minute Defensive - 0:00
Total
Forward - 60:00
Defense - 60:00
|
% Time on Ice - Canadiens
Lines # - Real PCT - Wanted PCT - Time Play
Normal Forward
1 - 33% - 40% - 14:05
2 - 28% - 35% - 12:11
3 - 24% - 20% - 10:17
4 - 15% - 5% - 6:19
Normal Defense
1 - 39% - 40% - 16:34
2 - 40% - 35% - 17:02
3 - 17% - 15% - 7:18
4 - 5% - 10% - 1:58
PP Forward
1 - 54% - 60% - 3:14
2 - 46% - 40% - 2:45
PP Defense
1 - 72% - 60% - 4:18
2 - 28% - 40% - 1:41
PK Forward
1 - 73% - 60% - 6:58
2 - 27% - 40% - 2:31
PK Defense
1 - 62% - 60% - 5:55
2 - 38% - 40% - 3:34
PK3 Forward
1 - 0% - 60%
2 - 0% - 40%
PK3 Defense
1 - 0% - 60%
2 - 0% - 40%
44 Forward
1 - 100% - 60% - 1:40
2 - 0% - 40% - 0:00
44 Defense
1 - 66% - 60% - 1:06
2 - 34% - 40% - 0:34
Last Minute Offensive - 0:00
Last Minute Defensive - 0:00
Total
Forward - 60:00
Defense - 60:00
|
Play-by-Play
1st period
0:01 of 1st period - Mika Zibanejad wins face-off versus Boone Jenner in neutral zone.
0:52 of 1st period - Slapshot by Drew Doughty.
0:52 of 1st period - Shot Blocked by Justin Schultz.
3:24 of 1st period - Snap shot by Greg Stewart.
3:24 of 1st period - Stopped by Philipp Grubauer with a rebound.
3:26 of 1st period - Slapshot by Brent Burns.
3:26 of 1st period - Stopped by Philipp Grubauer without a rebound.
3:27 of 1st period - Jean-Gabriel Pageau wins face-off versus Oscar Sundqvist in Sharks zone.
3:54 of 1st period - Justin Schultz is hit by Ronalds Kenins and loses puck.
4:17 of 1st period - Wrist shot by Rickard Rakell.
4:17 of 1st period - Shot Misses the Net.
4:30 of 1st period - Icing by Rickard Rakell.
4:31 of 1st period - Daniel Carcillo wins face-off versus Rickard Rakell in Canadiens zone.
5:05 of 1st period - Snap shot by Kyle Clifford.
5:05 of 1st period - Shot Blocked by Zach Parise.
5:07 of 1st period - Snap shot by Kyle Clifford.
5:07 of 1st period - Shot Blocked by Drew Doughty.
5:09 of 1st period - Slapshot by Kevin Shattenkirk.
5:09 of 1st period - Stopped by Philipp Grubauer without a rebound.
5:10 of 1st period - Boone Jenner wins face-off versus Jean-Gabriel Pageau in Sharks zone.
5:10 of 1st period - Boone Jenner is hit by Jordan Szwarz.
5:36 of 1st period - David Pastrnak is hit by Oscar Sundqvist and loses puck.
6:25 of 1st period - Andreas Martinsen is hit by Rickard Rakell and loses puck.
7:24 of 1st period - Wrist shot by Rickard Rakell.
7:24 of 1st period - Stopped by Philipp Grubauer with a rebound.
7:44 of 1st period - Snap shot by Brendan Gaunce.
7:44 of 1st period - Shot Misses the Net.
7:48 of 1st period - Snap shot by Brendan Gaunce.
7:48 of 1st period - Deflect By Kevin Shattenkirk.
7:48 of 1st period - Shot Misses the Net.
7:48 of 1st period - Puck is out of play.
7:49 of 1st period - Wayne Simmonds wins face-off versus Jean-Gabriel Pageau in Canadiens zone.
7:56 of 1st period - Slapshot by Boone Jenner.
7:56 of 1st period - Stopped by Robin Lehner without a rebound.
7:57 of 1st period - Boone Jenner wins face-off versus Jean-Gabriel Pageau in Canadiens zone.
8:18 of 1st period - Slapshot by Jean-Gabriel Pageau.
8:18 of 1st period - Shot Misses the Net.
8:26 of 1st period - Brent Burns is hit by Boone Jenner and loses puck.
8:45 of 1st period - Wrist shot by Greg Stewart.
8:45 of 1st period - Stopped by Philipp Grubauer without a rebound.
8:46 of 1st period - Mika Zibanejad wins face-off versus Oscar Sundqvist in Sharks zone.
9:44 of 1st period - Wrist shot by Zach Parise.
9:44 of 1st period - Shot Misses the Net.
9:52 of 1st period - Snap shot by Ty Rattie.
9:52 of 1st period - Stopped by Philipp Grubauer without a rebound.
9:53 of 1st period - Boone Jenner wins face-off versus Mika Zibanejad in Sharks zone.
10:06 of 1st period - Wrist shot by Ronalds Kenins.
10:06 of 1st period - Deflect By Boone Jenner.
10:06 of 1st period - Stopped by Robin Lehner with a rebound.
10:18 of 1st period - Drew Doughty is hit by Jordan Szwarz and loses puck.
10:29 of 1st period - Slapshot by Jean-Gabriel Pageau.
10:29 of 1st period - Shot Misses the Net.
11:06 of 1st period - Off-side.
11:07 of 1st period - Gustav Nyquist wins face-off versus Mika Zibanejad in neutral zone.
11:09 of 1st period - Off-side.
11:10 of 1st period - Mika Zibanejad wins face-off versus Gustav Nyquist in neutral zone.
11:17 of 1st period - Backhand shot by David Pastrnak.
11:17 of 1st period - Stopped by Philipp Grubauer with a rebound.
11:26 of 1st period - Minor Penalty to Brent Burns for Hooking.
11:27 of 1st period - Mike Richards wins face-off versus Boone Jenner in Canadiens zone.
11:36 of 1st period - Snap shot by Brandon Bollig.
11:36 of 1st period - Stopped by Philipp Grubauer without a rebound.
11:37 of 1st period - Mike Richards wins face-off versus Boone Jenner in Sharks zone.
11:40 of 1st period - Wrist shot by Brandon Bollig.
11:40 of 1st period - Stopped by Philipp Grubauer without a rebound.
11:41 of 1st period - Boone Jenner wins face-off versus Mike Richards in Sharks zone.
12:06 of 1st period - Mike Richards is hit by Oscar Sundqvist.
12:16 of 1st period - Wrist shot by Mike Richards.
12:16 of 1st period - Stopped by Philipp Grubauer without a rebound.
12:17 of 1st period - Mike Richards wins face-off versus Boone Jenner in Sharks zone.
12:32 of 1st period - Backhand shot by Oscar Sundqvist.
12:32 of 1st period - Shot Misses the Net.
12:34 of 1st period - Snap shot by Dion Phaneuf.
12:34 of 1st period - Stopped by Robin Lehner with a rebound.
12:36 of 1st period - Slapshot by Tyler Cuma.
12:36 of 1st period - Deflect By Kevin Shattenkirk.
12:36 of 1st period - Stopped by Robin Lehner without a rebound.
12:37 of 1st period - Boone Jenner wins face-off versus Mike Richards in Canadiens zone.
12:38 of 1st period - Wrist shot by Ronalds Kenins.
12:38 of 1st period - Shot Blocked by Sean Zimmerman.
12:40 of 1st period - Slapshot by Drew Doughty.
12:40 of 1st period - Goal by Drew Doughty - Sharks : 1 - Canadiens : 0.
12:41 of 1st period - Boone Jenner wins face-off versus Mika Zibanejad in neutral zone.
13:41 of 1st period - Snap shot by Brandon Bollig.
13:41 of 1st period - Stopped by Philipp Grubauer with a rebound.
14:13 of 1st period - Slapshot by David Pastrnak.
14:13 of 1st period - Shot Misses the Net.
14:15 of 1st period - Snap shot by David Pastrnak.
14:15 of 1st period - Canadiens goal is going for a video replay.
14:15 of 1st period - The goal is good.
14:15 of 1st period - Goal by David Pastrnak - Sharks : 1 - Canadiens : 1.
14:16 of 1st period - Mika Zibanejad wins face-off versus Wayne Simmonds in neutral zone.
14:32 of 1st period - Minor Penalty to Mike Lundin for Interference.
14:33 of 1st period - Mika Zibanejad wins face-off versus Boone Jenner in Sharks zone.
14:37 of 1st period - Snap shot by David Pastrnak.
14:37 of 1st period - Stopped by Philipp Grubauer without a rebound.
14:38 of 1st period - Mika Zibanejad wins face-off versus Boone Jenner in Sharks zone.
14:45 of 1st period - Backhand shot by David Pastrnak.
14:45 of 1st period - Shot Blocked by Drew Doughty.
14:47 of 1st period - Slapshot by Kevin Shattenkirk.
14:47 of 1st period - Shot Blocked by Boone Jenner.
14:49 of 1st period - Slapshot by Kevin Shattenkirk.
14:49 of 1st period - Stopped by Philipp Grubauer with a rebound.
14:51 of 1st period - Snap shot by David Pastrnak.
14:51 of 1st period - Shot Misses the Net.
14:53 of 1st period - Wrist shot by Kyle Clifford.
14:53 of 1st period - Stopped by Philipp Grubauer with a rebound.
14:55 of 1st period - Slapshot by Kevin Shattenkirk.
14:55 of 1st period - Stopped by Philipp Grubauer with a rebound.
15:13 of 1st period - Slapshot by Jordan Szwarz.
15:13 of 1st period - Goal by Jordan Szwarz - Sharks : 1 - Canadiens : 2.
15:14 of 1st period - Boone Jenner wins face-off versus Jean-Gabriel Pageau in neutral zone.
15:29 of 1st period - Boone Jenner is hit by Kevin Shattenkirk and loses puck.
15:42 of 1st period - Wrist shot by Gustav Nyquist.
15:42 of 1st period - Stopped by Robin Lehner without a rebound.
15:43 of 1st period - Gustav Nyquist wins face-off versus Mika Zibanejad in Canadiens zone.
15:44 of 1st period - Wrist shot by Daniel Carcillo.
15:44 of 1st period - Stopped by Robin Lehner without a rebound.
15:45 of 1st period - Gustav Nyquist wins face-off versus Mika Zibanejad in Canadiens zone.
16:07 of 1st period - Minor Penalty to Justin Schultz for Holding.
16:08 of 1st period - Brandon Bollig wins face-off versus Boone Jenner in Canadiens zone.
16:21 of 1st period - Mike Lundin is hit by Rasmus Ristolainen and loses puck.
16:34 of 1st period - Mike Richards is hit by Mike Lundin and loses puck.
17:16 of 1st period - Kevin Shattenkirk is hit by Ronalds Kenins and loses puck.
18:07 of 1st period - Penalty to Justin Schultz is over, Justin Schultz is back on ice.
18:51 of 1st period - Jiri Sekac is hit by Markus Nutivaara and loses puck.
19:18 of 1st period - Conor Sheary is hit by David Pastrnak and loses puck.
Goals for this period are 1 for Sharks vs 2 for Canadiens.
Shots for this period are 7 for Sharks vs 17 for Canadiens.
2nd period
0:01 of 2nd period - Mika Zibanejad wins face-off versus Boone Jenner in neutral zone.
0:24 of 2nd period - Minor Penalty to David Pastrnak for Cross-checking.
0:25 of 2nd period - Boone Jenner wins face-off versus Mike Richards in Canadiens zone.
2:24 of 2nd period - Penalty to David Pastrnak is over, David Pastrnak is back on ice.
2:40 of 2nd period - Brandon Bollig is hit by Gustav Nyquist and loses puck.
2:59 of 2nd period - Snap shot by Jean-Gabriel Pageau.
2:59 of 2nd period - Stopped by Philipp Grubauer with a rebound.
3:01 of 2nd period - Slapshot by Jean-Gabriel Pageau.
3:01 of 2nd period - Shot Blocked by Connor Murphy.
3:03 of 2nd period - Slapshot by Rasmus Ristolainen.
3:03 of 2nd period - Deflect By Andreas Martinsen.
3:03 of 2nd period - Stopped by Philipp Grubauer without a rebound.
3:04 of 2nd period - Jean-Gabriel Pageau wins face-off versus Brendan Gaunce in Sharks zone.
3:29 of 2nd period - Drew Doughty is hit by Mika Zibanejad and loses puck.
3:39 of 2nd period - Connor Murphy is hit by Brent Burns and loses puck.
3:51 of 2nd period - Off-side.
3:52 of 2nd period - Corban Knight wins face-off versus Boone Jenner in neutral zone.
4:44 of 2nd period - Tyler Cuma is hit by Rickard Rakell and loses puck.
4:49 of 2nd period - Wrist shot by Rickard Rakell.
4:49 of 2nd period - Shot Misses the Net.
5:01 of 2nd period - Snap shot by Rickard Rakell.
5:01 of 2nd period - Stopped by Philipp Grubauer without a rebound.
5:02 of 2nd period - Jean-Gabriel Pageau wins face-off versus Wayne Simmonds in Sharks zone.
5:05 of 2nd period - Snap shot by Rasmus Ristolainen.
5:05 of 2nd period - Stopped by Philipp Grubauer without a rebound.
5:06 of 2nd period - Jean-Gabriel Pageau wins face-off versus Boone Jenner in Sharks zone.
5:33 of 2nd period - Slapshot by Connor Murphy.
5:33 of 2nd period - Shot Blocked by David Pastrnak.
5:57 of 2nd period - Wrist shot by Brandon Bollig.
5:57 of 2nd period - Deflect By Andreas Martinsen.
5:57 of 2nd period - Shot Misses the Net.
5:57 of 2nd period - Puck is out of play.
5:58 of 2nd period - Jean-Gabriel Pageau wins face-off versus Brendan Gaunce in Sharks zone.
6:51 of 2nd period - Wrist shot by Greg Stewart.
6:51 of 2nd period - Stopped by Philipp Grubauer without a rebound.
6:52 of 2nd period - Mika Zibanejad wins face-off versus Boone Jenner in Sharks zone.
7:17 of 2nd period - Oscar Sundqvist is hit by Kevin Shattenkirk and loses puck.
8:20 of 2nd period - Oscar Sundqvist is hit by Sean Zimmerman and loses puck.
8:35 of 2nd period - Snap shot by Ronalds Kenins.
8:35 of 2nd period - Stopped by Robin Lehner without a rebound.
8:36 of 2nd period - Boone Jenner wins face-off versus Mika Zibanejad in Canadiens zone.
8:39 of 2nd period - Slapshot by Wayne Simmonds.
8:39 of 2nd period - Stopped by Robin Lehner with a rebound.
8:41 of 2nd period - Slapshot by Ronalds Kenins.
8:41 of 2nd period - Stopped by Robin Lehner with a rebound.
8:43 of 2nd period - Slapshot by Ronalds Kenins.
8:43 of 2nd period - Stopped by Robin Lehner with a rebound.
8:45 of 2nd period - Slapshot by Tyler Cuma.
8:45 of 2nd period - Shot Blocked by Rasmus Ristolainen.
8:47 of 2nd period - Snap shot by Wayne Simmonds.
8:47 of 2nd period - Shot Misses the Net.
8:49 of 2nd period - Slapshot by Tyler Cuma.
8:49 of 2nd period - Shot Misses the Net.
8:51 of 2nd period - Slapshot by Dion Phaneuf.
8:51 of 2nd period - Deflect By Ronalds Kenins.
8:51 of 2nd period - Stopped by Robin Lehner without a rebound.
8:52 of 2nd period - Oscar Sundqvist wins face-off versus Jean-Gabriel Pageau in Canadiens zone.
8:53 of 2nd period - Slapshot by Drew Doughty.
8:53 of 2nd period - Stopped by Robin Lehner with a rebound.
8:55 of 2nd period - Snap shot by Oscar Sundqvist.
8:55 of 2nd period - Shot Misses the Net.
8:57 of 2nd period - Slapshot by Drew Doughty.
8:57 of 2nd period - Shot Misses the Net.
8:59 of 2nd period - Snap shot by Drew Doughty.
8:59 of 2nd period - Shot Blocked by Kevin Shattenkirk.
9:01 of 2nd period - Slapshot by Conor Sheary.
9:01 of 2nd period - Stopped by Robin Lehner without a rebound.
9:02 of 2nd period - Jean-Gabriel Pageau wins face-off versus Oscar Sundqvist in Canadiens zone.
9:02 of 2nd period - Jean-Gabriel Pageau is hit by Drew Doughty.
9:41 of 2nd period - Slapshot by Mike Lundin.
9:41 of 2nd period - Stopped by Robin Lehner without a rebound.
9:42 of 2nd period - Boone Jenner wins face-off versus Mika Zibanejad in Canadiens zone.
9:55 of 2nd period - Slapshot by David Pastrnak.
9:55 of 2nd period - Shot Blocked by Tyler Cuma.
10:09 of 2nd period - Boone Jenner is hit by Mike Richards and loses puck.
10:15 of 2nd period - Off-side.
10:16 of 2nd period - Oscar Sundqvist wins face-off versus Mike Richards in neutral zone.
10:19 of 2nd period - Wrist shot by Markus Nutivaara.
10:19 of 2nd period - Shot Misses the Net.
10:21 of 2nd period - Wrist shot by Zach Parise.
10:21 of 2nd period - Stopped by Robin Lehner without a rebound.
10:22 of 2nd period - Mika Zibanejad wins face-off versus Oscar Sundqvist in Canadiens zone.
10:33 of 2nd period - Snap shot by David Pastrnak.
10:33 of 2nd period - Stopped by Philipp Grubauer without a rebound.
10:34 of 2nd period - David Pastrnak wins face-off versus Boone Jenner in Sharks zone.
10:48 of 2nd period - Wrist shot by Mika Zibanejad.
10:48 of 2nd period - Shot Blocked by Ronalds Kenins.
10:50 of 2nd period - Wrist shot by Mika Zibanejad.
10:50 of 2nd period - Stopped by Philipp Grubauer with a rebound.
11:02 of 2nd period - Slapshot by Mike Lundin.
11:02 of 2nd period - Shot Misses the Net.
11:50 of 2nd period - Brent Burns is hit by Vince Hinostroza and loses puck.
12:13 of 2nd period - Major Penalty to Ronalds Kenins for Boarding.
12:14 of 2nd period - Mika Zibanejad wins face-off versus Boone Jenner in Sharks zone.
12:28 of 2nd period - Icing by David Pastrnak.
12:29 of 2nd period - Boone Jenner wins face-off versus Mika Zibanejad in Canadiens zone.
13:31 of 2nd period - Snap shot by Greg Stewart.
13:31 of 2nd period - Stopped by Philipp Grubauer without a rebound.
13:32 of 2nd period - Boone Jenner wins face-off versus Mika Zibanejad in Sharks zone.
13:32 of 2nd period - Boone Jenner is hit by Mika Zibanejad.
17:13 of 2nd period - Penalty to Ronalds Kenins is over, Ronalds Kenins is back on ice.
17:48 of 2nd period - Mike Lundin is hit by Jiri Sekac and loses puck.
19:48 of 2nd period - Jean-Gabriel Pageau is hit by Tyler Cuma and loses puck.
Goals for this period are 0 for Sharks vs 0 for Canadiens.
Shots for this period are 9 for Sharks vs 8 for Canadiens.
3rd period
0:01 of 3rd period - Mika Zibanejad wins face-off versus Boone Jenner in neutral zone.
2:19 of 3rd period - Icing by Andreas Martinsen.
2:20 of 3rd period - Corban Knight wins face-off versus Beau Bennett in Sharks zone.
2:35 of 3rd period - Snap shot by Brendan Gaunce.
2:35 of 3rd period - Shot Misses the Net.
2:37 of 3rd period - Slapshot by Connor Murphy.
2:37 of 3rd period - Shot Misses the Net.
2:39 of 3rd period - Snap shot by Markus Nutivaara.
2:39 of 3rd period - Stopped by Robin Lehner without a rebound.
2:40 of 3rd period - Boone Jenner wins face-off versus Greg Stewart in Canadiens zone.
2:41 of 3rd period - Slapshot by Ronalds Kenins.
2:41 of 3rd period - Deflect By Kevin Shattenkirk.
2:41 of 3rd period - Stopped by Robin Lehner with a rebound.
3:02 of 3rd period - Minor Penalty to Jean-Gabriel Pageau for Hooking.
3:03 of 3rd period - Boone Jenner wins face-off versus Mike Richards in Canadiens zone.
3:03 of 3rd period - Snap shot by Drew Doughty.
3:03 of 3rd period - Shot Blocked by Sean Zimmerman.
3:21 of 3rd period - Minor Penalty to Wayne Simmonds for Holding.
3:22 of 3rd period - Boone Jenner wins face-off versus David Pastrnak in Sharks zone.
3:37 of 3rd period - Wrist shot by Ronalds Kenins.
3:37 of 3rd period - Shot Misses the Net.
5:02 of 3rd period - Penalty to Jean-Gabriel Pageau is over, Jean-Gabriel Pageau is back on ice.
5:21 of 3rd period - Penalty to Wayne Simmonds is over, Wayne Simmonds is back on ice.
5:48 of 3rd period - Mike Richards is hit by Oscar Sundqvist and loses puck.
6:04 of 3rd period - Off-side.
6:05 of 3rd period - Corban Knight wins face-off versus Brendan Gaunce in neutral zone.
6:15 of 3rd period - Justin Schultz is hit by Brendan Gaunce and loses puck.
6:31 of 3rd period - Markus Nutivaara is hit by David Pastrnak and loses puck.
7:38 of 3rd period - Slapshot by David Pastrnak.
7:38 of 3rd period - Deflect By Mika Zibanejad.
7:38 of 3rd period - Stopped by Philipp Grubauer with a rebound.
7:40 of 3rd period - Backhand shot by Brent Burns.
7:40 of 3rd period - Shot Blocked by Daniel Carcillo.
7:54 of 3rd period - Vince Hinostroza is hit by Jordan Szwarz.
8:18 of 3rd period - Off-side.
8:19 of 3rd period - Boone Jenner wins face-off versus Corban Knight in neutral zone.
8:50 of 3rd period - Wrist shot by Andreas Martinsen.
8:50 of 3rd period - Shot Misses the Net.
9:08 of 3rd period - Wrist shot by Kyle Clifford.
9:08 of 3rd period - Shot Misses the Net.
9:16 of 3rd period - Wrist shot by Oscar Sundqvist.
9:16 of 3rd period - Shot Misses the Net.
9:49 of 3rd period - Wrist shot by Rasmus Ristolainen.
9:49 of 3rd period - Stopped by Philipp Grubauer without a rebound.
9:50 of 3rd period - Oscar Sundqvist wins face-off versus Mike Richards in Sharks zone.
10:45 of 3rd period - Snap shot by Jean-Gabriel Pageau.
10:45 of 3rd period - Shot Misses the Net.
10:47 of 3rd period - Snap shot by Greg Stewart.
10:47 of 3rd period - Stopped by Philipp Grubauer with a rebound.
11:11 of 3rd period - Snap shot by Jiri Sekac.
11:11 of 3rd period - Shot Misses the Net.
11:31 of 3rd period - Wrist shot by Boone Jenner.
11:31 of 3rd period - Stopped by Robin Lehner without a rebound.
11:32 of 3rd period - Boone Jenner wins face-off versus Mika Zibanejad in Canadiens zone.
11:33 of 3rd period - Wrist shot by Wayne Simmonds.
11:33 of 3rd period - Stopped by Robin Lehner without a rebound.
11:34 of 3rd period - Mika Zibanejad wins face-off versus Boone Jenner in Canadiens zone.
11:34 of 3rd period - Mika Zibanejad is hit by Wayne Simmonds.
11:53 of 3rd period - Minor Penalty to Kevin Shattenkirk for Hooking.
11:54 of 3rd period - Mike Richards wins face-off versus Boone Jenner in Canadiens zone.
12:04 of 3rd period - Snap shot by Ronalds Kenins.
12:04 of 3rd period - Stopped by Robin Lehner with a rebound.
12:06 of 3rd period - Slapshot by Boone Jenner.
12:06 of 3rd period - Shot Misses the Net.
12:08 of 3rd period - Snap shot by Mike Lundin.
12:08 of 3rd period - Shot Misses the Net.
12:10 of 3rd period - Snap shot by Wayne Simmonds.
12:10 of 3rd period - Shot Blocked by Mike Richards.
13:53 of 3rd period - Penalty to Kevin Shattenkirk is over, Kevin Shattenkirk is back on ice.
14:13 of 3rd period - Kyle Clifford is hit by Brendan Gaunce and loses puck.
14:52 of 3rd period - Slapshot by Brendan Gaunce.
14:52 of 3rd period - Deflect By Andreas Martinsen.
14:52 of 3rd period - Stopped by Robin Lehner with a rebound.
14:58 of 3rd period - Snap shot by Brendan Gaunce.
14:58 of 3rd period - Stopped by Robin Lehner with a rebound.
15:10 of 3rd period - Snap shot by Brendan Gaunce.
15:10 of 3rd period - Shot Misses the Net.
15:12 of 3rd period - Slapshot by Dion Phaneuf.
15:12 of 3rd period - Shot Blocked by Justin Schultz.
15:18 of 3rd period - Wrist shot by Brendan Gaunce.
15:18 of 3rd period - Goal by Brendan Gaunce - Sharks : 2 - Canadiens : 2.
15:19 of 3rd period - Mika Zibanejad wins face-off versus Boone Jenner in neutral zone.
15:30 of 3rd period - Wrist shot by Kyle Clifford.
15:30 of 3rd period - Stopped by Philipp Grubauer without a rebound.
15:31 of 3rd period - Wayne Simmonds wins face-off versus Corban Knight in Sharks zone.
15:36 of 3rd period - Brent Burns is hit by Drew Doughty and loses puck.
15:43 of 3rd period - Wrist shot by Wayne Simmonds.
15:43 of 3rd period - Stopped by Robin Lehner with a rebound.
15:45 of 3rd period - Snap shot by Mike Lundin.
15:45 of 3rd period - Shot Blocked by Rickard Rakell.
15:57 of 3rd period - Drew Doughty is hit by Mika Zibanejad and loses puck.
16:24 of 3rd period - Mike Lundin is hit by Jordan Szwarz and loses puck.
16:45 of 3rd period - Snap shot by Boone Jenner.
16:45 of 3rd period - Shot Misses the Net.
17:03 of 3rd period - Slapshot by Wayne Simmonds.
17:03 of 3rd period - Shot Blocked by Sean Zimmerman.
17:09 of 3rd period - Rickard Rakell is hit by Beau Bennett and loses puck.
17:24 of 3rd period - Slapshot by Drew Doughty.
17:24 of 3rd period - Deflect By Conor Sheary.
17:24 of 3rd period - Shot Blocked by Kevin Shattenkirk.
17:24 of 3rd period - Puck is out of play.
17:25 of 3rd period - Zach Parise wins face-off versus Mika Zibanejad in Canadiens zone.
17:42 of 3rd period - Snap shot by David Pastrnak.
17:42 of 3rd period - Stopped by Philipp Grubauer without a rebound.
17:43 of 3rd period - Brendan Gaunce wins face-off versus Corban Knight in Sharks zone.
17:48 of 3rd period - Wrist shot by Andreas Martinsen.
17:48 of 3rd period - Shot Blocked by Rasmus Ristolainen.
17:50 of 3rd period - Minor Penalty to Rickard Rakell for Diving.
17:51 of 3rd period - Boone Jenner wins face-off versus Mike Richards in Canadiens zone.
18:44 of 3rd period - Justin Schultz is hit by Dion Phaneuf and loses puck.
19:50 of 3rd period - Penalty to Rickard Rakell is over, Rickard Rakell is back on ice.
Goals for this period are 1 for Sharks vs 0 for Canadiens.
Shots for this period are 9 for Sharks vs 5 for Canadiens.
Overtime #1
0:01 of 1st overtime period - Mika Zibanejad wins face-off versus Conor Sheary in neutral zone.
0:14 of 1st overtime period - Slapshot by David Pastrnak.
0:14 of 1st overtime period - Goal by David Pastrnak - Sharks : 2 - Canadiens : 3.
Goals for this period are 0 for Sharks vs 1 for Canadiens.
Shots for this period are 0 for Sharks vs 1 for Canadiens.